 Dungeon Crawl Stone Soup version 0.30-a0-137-gd8773701ce (webtiles) character file.

Game seed: 17957069099679316452

20421 Pilot the Protected (level 13, -1/111 HPs)
             Began as a Meteoran Fighter on Sept 22, 2022.
             Was an Initiate of Gozag.
             Slain by a six-headed hydra (10 damage)
             ... on level 4 of the Lair of Beasts.
             The game lasted 01:31:18 (8755 turns).

Pilot the Protected (Meteoran Fighter)              Turns: 8755, Time: 01:31:19

Health: -1/111     AC: 18    Str: 21    XL:     13   Next: 41%
Magic:  18/18      EV: 25    Int: 15    God:    Gozag
Gold:   1281       SH: 11    Dex: 13    Spells: 18/18 levels left

rFire   + + .      SeeInvis +    v - +4 sling of Durable Defence {venom, +Blink rN+++ Int+4 Dex-2}
rCold   x . .      Faith    .    M - +0 kite shield
rNeg    + + +      Spirit   .    G - +1 chain mail {rF+}
rPois   .          Reflect  .    n - +0 helmet
rElec   .          Harm     .    l - +0 cloak
rCorr   .          Rampage  .    m - +0 pair of gloves
Will    +....                    F - +0 pair of boots
Stlth   ..........               D - amulet of the acrobat
HPRegen 0.28/turn                g - ring of see invisible
MPRegen 0.16/turn                Y - ring of fire

@: lethally poisoned (-1 -> -5), acrobatic, glowing
A: sense surroundings 2, otherworldly, glowing, explore regen
a: Renounce Religion, Evoke Blink, Potion Petition, Call Merchant, Bribe Branch


You were on level 4 of the Lair of Beasts.
You worshipped Gozag.
Gozag was most pleased with you.
You visited 2 branches of the dungeon, and saw 15 of its levels.
You also visited: Sewer and Ossuary.

You collected 2104 gold pieces.
You spent 291 gold pieces at shops.
You paid 532 gold pieces to Gozag.

Inventory:

Hand Weapons
 d - a +4 morningstar
 v - the +4 sling of Durable Defence (weapon) {venom, +Blink rN+++ Int+4 Dex-2}
   (You found it on level 3 of the Dungeon)

   Any ammunition fired from it poisons the flesh of those it strikes.
   Int:       It affects your intelligence (+4).
   Dex:       It affects your dexterity (-2).
   rN:        It renders you almost immune to negative energy.
   +Blink:    It lets you blink.
 J - the +5 flail "Testudine's Curse" {spect, SInv}
   (You found it on level 4 of the Dungeon)

   When its wielder attacks, the weapon's spirit leaps out and strikes again.
   The spirit shares a part of any damage it takes with its wielder.
   SInv:      It lets you see invisible.
 L - the +8 whip of Janats {vorpal, Str+2 Dex+4}
   (You found it on level 5 of the Dungeon)

   It inflicts extra damage upon your enemies.
   Str:       It affects your strength (+2).
   Dex:       It affects your dexterity (+4).
Missiles
 i - 6 poisoned darts
 y - a throwing net
Armour
 b - a +0 scale mail
 c - a +0 buckler
 l - a +0 cloak (worn)
 m - a +0 pair of gloves (worn)
 n - a +0 helmet (worn)
 F - a +0 pair of boots (worn)
 G - a +1 chain mail of fire resistance (worn)
 M - a +0 kite shield (worn)
 X - a +0 plate armour
Magical Staves
 t - a staff of conjuration
Jewellery
 g - a ring of see invisible (left hand)
 D - an amulet of the acrobat (around neck)
 P - a ring of ice
 Y - a ring of fire (right hand)
Wands
 h - a wand of polymorph (10)
 q - a wand of flame (20)
 B - a wand of paralysis (9)
Scrolls
 a - a scroll of poison
 f - 4 scrolls of identify
 o - 7 scrolls of noise
 p - a scroll of amnesia {unknown}
 r - 4 scrolls of teleportation
 s - a scroll of blinking {unknown}
 C - a scroll of summoning {unknown}
 I - 4 scrolls of fear
 N - 2 scrolls of silence
 O - 3 scrolls of immolation
 S - a scroll of brand weapon {unknown}
 T - a scroll of magic mapping {unknown}
 U - a scroll of enchant armour {unknown}
 V - 2 scrolls of butterflies
 W - a scroll of enchant weapon {unknown}
Potions
 j - 3 potions of curing
 k - a potion of magic {unknown}
 u - 4 potions of attraction
 w - 7 potions of brilliance
 x - a potion of haste
 z - 2 potions of cancellation
 A - a potion of experience {unknown}
 E - a potion of resistance {unknown}
 K - 3 potions of mutation
 Q - 3 potions of flight
 R - 2 potions of lignification {unknown}


   Skills:
 + Level 9.3 Fighting
 - Level 5.1 Long Blades
 + Level 8.9 Maces & Flails
 + Level 7.8 Ranged Weapons
 - Level 2.0 Throwing
 + Level 10.2 Armour
 + Level 9.5 Dodging
 + Level 6.6 Stealth
 + Level 10.2 Shields
 - Level 3.0 Spellcasting


You had 18 spell levels left.
You didn't know any spells.
Your spell library contained the following spells:

 Spells                   Type           Power      Damage    Failure   Level
 Sandblast                Erth           4%         2d4       96%         1
 Slow                     Hex            8%         N/A       96%         1
 Ensorcelled Hibernation  Hex/Ice        4%         N/A       99%         2
 Passwall                 Tmut/Erth      1%         N/A       99%         2
 Scorch                   Fire           6%         2d5       99%         2
 Static Discharge         Conj/Air       4%         2-3/arc   99%         2
 Sublimation of Blood     Necr           2%         N/A       99%         2
 Confusing Touch          Hex            2%         N/A       100%        3
 Gell's Gravitas          Tloc           2%         N/A       100%        3
 Ignite Poison            Fire/Tmut/Pois 3%         N/A       100%        3
 Inner Flame              Hex/Fire       3%         N/A       100%        3
 Lesser Beckoning         Tloc           2%         N/A       100%        3
 Mephitic Cloud           Conj/Pois/Air  2%         N/A       100%        3
 Stone Arrow              Conj/Erth      4%         3d7       100%        3
 Swiftness                Air            2%         N/A       100%        3
 Teleport Other           Tloc           2%         N/A       100%        3
 Vampiric Draining        Necr           2%         2d6       100%        3
 Cause Fear               Hex            1%         N/A       100%        4
 Dispel Undead            Necr           2%         3d7       100%        4
 Flame Wave               Conj/Fire      3%         2d5       100%        4
 Hailstorm                Conj/Ice       2%         3d3       100%        4
 Petrify                  Tmut/Erth      2%         N/A       100%        4
 Sticky Flame             Conj/Fire      3%         2d3       100%        4
 Freezing Cloud           Conj/Ice/Air   1%         6-21      100%        5
 Irradiate                Conj/Tmut      1%         3d12      100%        5
 Iskenderun's Battlesphe  Conj           2%         2d6       100%        5
 Summon Cactus Giant      Summ           1%         N/A       100%        6
 Discord                  Hex            1%         N/A       100%        8


Dungeon Overview and Level Annotations

Branches:
Dungeon (10/15) Zot: 399   Temple (0/1) D:4            Lair (5/5) D:8 Zot: 510
  Swamp (0/4) Lair:3        Slime (0/5) Lair:4        Sewer (visited)
Ossuary (visited)
  Snake: Lair:2-3    Spider: Lair:2-3       Orc: D:9-12

Altars:
Dithmenos
Elyvilon
Gozag
Makhleb
Nemelex Xobeh
Ru
Xom

Shops:
D:2 [:   D:5 !   Lair:4 *

Annotations:
Lair:1 Urug


Innate Abilities, Weirdness & Mutations

You passively map the area around you.
You are easily found by Zot.
You glow in the dark.
You regain HP and MP as you explore.


Message History

The water moccasin is poisoned.
The water moccasin is lightly wounded.
The water moccasin closely misses you. The water moccasin bites you.
* * * LOW HITPOINT WARNING * * *
You shoot a sling bullet.
The sling bullet hits the water moccasin.
The water moccasin is moderately wounded.
You block the water moccasin's attack. The water moccasin bites you.
* * * LOW HITPOINT WARNING * * *
The water moccasin bites you but does no damage.
You shoot a sling bullet.
The sling bullet barely misses the water moccasin.
The water moccasin bites you but does no damage.
You block the water moccasin's attack. The six-headed hydra bites you.
* * * LOW HITPOINT WARNING * * *
The six-headed hydra bites you but does no damage. x4
The six-headed hydra barely misses you. The water moccasin bites you.
* * * LOW HITPOINT WARNING * * *
You are poisoned.
The water moccasin poisons you!
The six-headed hydra attacks as you move away!
The six-headed hydra bites you but does no damage.
You block the six-headed hydra's attack.
The six-headed hydra bites you.
* * * LOW HITPOINT WARNING * * *
You block the six-headed hydra's attack.
The six-headed hydra bites you but does no damage.
The six-headed hydra bites you.
* * * LOW HITPOINT WARNING * * *
You feel sick. The water moccasin closely misses you.
The water moccasin attacks as you move away!
You block the water moccasin's attack.
You feel sick.
The water moccasin attacks as you move away!
The water moccasin completely misses you.
You feel sick. The water moccasin misses you.
The six-headed hydra attacks as you move away!
The six-headed hydra bites you but does no damage. x2
The six-headed hydra bites you!
You die...
Your body crumbles into a pile of gold.

.. * , , ###. .. * *......#* #.
.# #.....## ## # ##......# #. #
P.....P# ## ##.....## ###
########.....PP#########
###.###..#..##......PP.##.##.####
...............S@................
...............D.................
...............((..(.............
...............>.................
........................[........
P.#.#########.......#############
##### ###.....## #.......# ####
#P.....##


You could see a six-headed hydra and a water moccasin (poisoned).

Vanquished Creatures
  Kirke (Lair:3)
  3 hydras
  A bog body (Lair:3)
  An ugly thing (D:10)
  3 elephants (Lair:1)
  A torpor snail (Lair:2)
  5 cane toads
  Maggie (Lair:2)
  A gargoyle (D:10)
  5 komodo dragons
  A polar bear (Lair:3)
  7 blink frogs
  3 dream sheep (Lair:2)
  Sigmund (D:2)
  21 yaks
  3 wyverns
  A basilisk (Lair:2)
  2 hogs (Lair:3)
  Eustachio (D:4)
  7 vampire mosquitoes
  A steam dragon (D:7)
  Edmund (D:4)
  11 water moccasins
  2 orc warriors
  2 ice beasts
  A sky beast (D:7)
  A black bear (D:5)
  9 wolves
  An ogre (D:5)
  A centaur (D:10)
  A kobold brigand (D:6)
  9 bullfrogs
  A necrophage (D:7)
  A gnoll sergeant (D:8)
  3 scorpions
  4 killer bees
  A centaur zombie (Ossuary)
  A human zombie (Ossuary)
  5 orc priests
  2 hounds (D:4)
  2 jellies (D:5)
  4 iguanas
  Jessica (D:3)
  A gnoll bouda (D:5)
  Natasha (thrice) (D:3)
  Terence (D:3)
  3 orc wizards
  4 mummies (Ossuary)
  Robin (D:3)
  11 adders
  11 gnolls
  A river rat (Sewer)
  2 shadow imps
  An ufetubus (D:6)
  7 worms
  2 dart slugs
  34 orcs
  4 bats
  11 endoplasms
  4 giant cockroaches
  2 gnoll zombies (Ossuary)
  10 goblins
  10 hobgoblins
  2 jackals (D:4)
  4 quokkas
  13 ball pythons
  3 frilled lizards
  A goblin zombie (Ossuary)
  10 kobolds
  A kobold zombie (Ossuary)
  2 orc zombies (Ossuary)
  6 rats
299 creatures vanquished.

Vanquished Creatures (others)
  A human (Lair:3)
  A butterfly (D:4)
  24 fungi
  17 plants
43 creatures vanquished.

Grand Total: 342 creatures vanquished

Notes
Turn   | Place    | Note
-------+----------+-------------------------------------------
     0 | D:1      | Pilot the Meteoran Fighter began the quest for the Orb.
     0 | D:1      | Reached XP level 1. HP: 19/19 MP: 2/2
    40 | D:1      | Reached XP level 2. HP: 21/26 MP: 3/3
   374 | D:1      | Found a faded altar of an unknown god.
   384 | D:1      | Reached XP level 3. HP: 30/31 MP: 4/4
   482 | D:1      | Glimpsed the power of Zot.
   537 | D:2      | Reached skill level 1 in Dodging
   707 | D:2      | Found Hagil's Antique Armour Shoppe.
   723 | D:2      | Bought a helmet for 85 gold pieces
   835 | D:2      | Found Samm's Book Shop.
   929 | D:2      | Noticed Sigmund
   946 | D:2      | Killed Sigmund
   947 | D:2      | Reached skill level 1 in Stealth
   947 | D:2      | Reached skill level 1 in Spellcasting
   947 | D:2      | Reached XP level 4. HP: 17/40 MP: 5/7
   947 | D:2      | Reached XP level 5. HP: 19/46 MP: 5/8
   947 | D:2      | Reached XP level 6. HP: 22/52 MP: 5/9
  1071 | D:2      | Glimpsed the power of Zot.
  1121 | D:2      | Glimpsed the power of Zot.
  1214 | D:3      | Found a shimmering altar of Xom.
  1279 | D:3      | Noticed Terence
  1294 | D:3      | Killed Terence
  1310 | D:3      | Noticed Natasha
  1320 | D:3      | Killed Natasha
  1432 | D:3      | Found a glowing drain.
  1445 | D:3      | Identified the +4 sling of Durable Defence {venom, +Blink
                  | rN+++ Int+4 Dex-2}
  1463 | D:3      | Noticed Natasha
  1477 | D:3      | Killed Natasha
  1500 | Sewer    | Entered a sewer
  1589 | Sewer    | Reached XP level 7. HP: 42/59 MP: 11/11
  1887 | Sewer    | Glimpsed the power of Zot.
  1925 | Sewer    | Glimpsed the power of Zot.
  1957 | Sewer    | Glimpsed the power of Zot.
  2008 | D:3      | Noticed Jessica
  2019 | D:3      | Killed Jessica
  2094 | D:3      | Glimpsed the power of Zot.
  2106 | D:4      | Noticed Edmund
  2144 | D:5      | Entered Level 5 of the Dungeon
  2179 | D:5      | HP: 2/59 [gnoll/+0 club[a gnoll bouda] (2)]
  2280 | D:5      | Reached skill level 5 in Shields
  2330 | D:5      | Reached skill level 5 in Armour
  2330 | D:5      | Reached XP level 8. HP: 45/67 MP: 13/13
  2426 | D:6      | Reached skill level 1 in Throwing
  2500 | D:5      | Reached skill level 5 in Long Blades
  2559 | D:4      | Reached skill level 5 in Fighting
  2568 | D:4      | Found a white marble altar of Elyvilon.
  2632 | D:4      | Noticed Eustachio
  2651 | D:4      | Killed Eustachio
  2652 | D:4      | Reached skill level 1 in Ranged Weapons
  2652 | D:4      | Gained mutation: You passively map the area around you.
                  | [Meteoran growth]
  2652 | D:4      | Reached XP level 9. HP: 67/74 MP: 14/14
  2752 | D:4      | Found a staircase to the Ecumenical Temple.
  2770 | D:4      | Found an opulent altar of Gozag.
  2932 | D:4      | Killed Edmund
  3148 | D:4      | Identified the +5 flail "Testudine's Curse" {spect, SInv}
  3221 | D:4      | Became a worshipper of Gozag Ym Sagoz the Greedy
  3380 | D:3      | Noticed Natasha
  3385 | D:3      | Killed Natasha
  3476 | D:3      | Noticed Robin
  3481 | D:3      | Killed Robin
  3792 | D:3      | Glimpsed the power of Zot.
  3841 | D:5      | Glimpsed the power of Zot.
  3847 | D:5      | Found Boorghye's Distillery.
  3849 | D:5      | Found a burning altar of Makhleb.
  3854 | D:5      | Identified the +8 whip of Janats {vorpal, Str+2 Dex+4}
  3881 | D:5      | Glimpsed the power of Zot.
  3891 | D:5      | Touched by the power of Zot.
  3916 | D:6      | Reached skill level 1 in Maces & Flails
  3946 | D:6      | Found a sacrificial altar of Ru.
  3979 | D:6      | Glimpsed the power of Zot.
  4016 | D:6      | Reached skill level 5 in Dodging
  4021 | D:6      | Glimpsed the power of Zot.
  4107 | D:7      | Reached XP level 10. HP: 33/83 MP: 15/15
  4142 | D:7      | Found a sand-covered staircase.
  4197 | Ossuary  | Entered an ossuary
  4760 | D:7      | Glimpsed the power of Zot.
  4956 | D:8      | You fall into a shaft and drop 2 floors!
  4956 | D:10     | Entered Level 10 of the Dungeon
  5060 | D:10     | Noticed a purple ugly thing
  5060 | D:10     | Noticed a gargoyle
  5099 | D:10     | Killed a purple ugly thing
  5110 | D:10     | Killed a gargoyle
  5146 | D:10     | Noticed a boulder beetle
  5183 | D:10     | Found a sparkling altar of Nemelex Xobeh.
  5196 | D:10     | Found a shadowy altar of Dithmenos.
  5211 | D:10     | Paralysed by a hornet for 2 turns
  5269 | D:9      | Reached skill level 5 in Maces & Flails
  5269 | D:9      | Reached XP level 11. HP: 32/92 MP: 16/16
  5715 | D:8      | Found a staircase to the Lair.
  6013 | Lair:1   | Entered Level 1 of the Lair of Beasts
  6054 | D:8      | Reached skill level 5 in Ranged Weapons
  6317 | Lair:1   | Got the Directory of Battling
  6339 | Lair:1   | Noticed Urug
  6339 | Lair:1   | Noticed an elephant
  6371 | Lair:1   | Killed an elephant
  6372 | Lair:1   | Reached skill level 5 in Stealth
  6572 | Lair:1   | Noticed an elephant
  6575 | Lair:1   | Noticed an elephant
  6592 | Lair:1   | Killed an elephant
  6601 | Lair:1   | Killed an elephant
  6732 | Lair:2   | Noticed Maggie
  6745 | Lair:2   | Killed Maggie
  6798 | Lair:2   | Noticed a torpor snail
  6822 | Lair:2   | Reached XP level 12. HP: 88/101 MP: 17/17
  7212 | Lair:2   | Noticed a six-headed hydra
  7266 | Lair:2   | Killed a six-headed hydra
  7308 | Lair:2   | Glimpsed the power of Zot.
  7358 | Lair:2   | Glimpsed the power of Zot.
  7462 | Lair:3   | Noticed a death yak
  7462 | Lair:3   | Noticed a death yak
  7468 | Lair:3   | Noticed a death yak
  7469 | Lair:3   | Noticed a death yak
  7556 | Lair:3   | Noticed Kirke
  7590 | Lair:3   | Noticed a lindwurm
  7594 | Lair:3   | Noticed a sphinx
  7602 | Lair:3   | Killed Kirke
  7665 | Lair:3   | Reached XP level 13. HP: 49/110 MP: 18/18
  7712 | Lair:3   | Noticed a six-headed hydra
  7766 | Lair:3   | Killed a six-headed hydra
  7810 | Lair:3   | Found a staircase to the Swamp.
  7919 | Lair:3   | Glimpsed the power of Zot.
  8002 | Lair:4   | Reached skill level 10 in Armour
  8022 | Lair:4   | Identified the +5 quarterstaff "Ameetiphi" {drain, rC+
                  | Dex+4 Stlth-}
  8108 | Lair:4   | Reached skill level 10 in Shields
  8152 | Lair:4   | Noticed a four-headed hydra
  8209 | Lair:4   | Killed a four-headed hydra
  8344 | Lair:4   | Found a staircase to the Slime Pits.
  8542 | Lair:4   | Bought a potion of curing for 105 gold pieces
  8542 | Lair:4   | Bought a sedimented grey potion for 31 gold pieces
  8542 | Lair:4   | Bought a scroll of identify for 70 gold pieces
  8558 | Lair:4   | Glimpsed the power of Zot.
  8576 | Lair:5   | Entered Level 5 of the Lair of Beasts
  8578 | Lair:5   | Noticed a five-headed hydra
  8596 | Lair:5   | Noticed a seven-headed hydra
  8599 | Lair:5   | Noticed a six-headed hydra
  8755 | Lair:4   | Slain by a six-headed hydra

Illustrated notes

Levels and vault maps discovered:
D:1:      giann_bridges, layout_basic, basic_ecumenical_altar,
          minmay_misc_feat_rugged, dk_noncrumbling_3
D:2:      layout_loops_ring, serial_shops, nicolae_lakefront_shop, shop,
          kennysheep_doodads, uniq_sigmund
D:3:      mumra_celtic_spiral_tile, layout_basic, mainiacjoe_overflow_24_doors,
          cheibrodos_sewer_entry_drain, serial_bayou_pond_e, uniq_jessica,
          uniq_terence, uniq_natasha, uniq_robin
D:4:      layout_gridville, nicolae_elyvilon_peaceful_grove,
          lemuel_crystal_altar, temple_green, uniq_edmund, uniq_eustachio
D:5:      layout_loops_ring, bloody_makhleb, serial_shops, shop,
          serial_park_tiny_2
D:6:      layout_basic, nicolae_ru_sacrificial_ziggurat
D:7:      layout_rooms, nicolae_ossuary_entry_monument
D:8:      layout_basic, lair_entry_dummy
D:9:      layout_rooms, mainiacjoe_overflow_chevrons, evilmike_ruin_ashenzari,
          serial_shops, nicolae_stop_n_shop_2, nzn_life_drinkers, uniq_maurice
D:10:     layout_rooms, mainiacjoe_overflow_catwalk_spiral,
          nicolae_twisting_strands
Lair:1:   layout_chaotic_city, uniq_urug
Lair:2:   layout_gridlike, ebering_ghost_inner_flame, uniq_maggie
Lair:3:   layout_gridlike, skrybe_swamp_entry_bodies, spider_nest_entry_a,
          st_stairs_5, nzn_random_ring, uniq_kirke
Lair:4:   layout_hall_layers, slime_entry_1, serial_bayou_shore_b,
          infiniplex_staircase_pool
Lair:5:   hellmonk_lair_end_abyssal_woods, layout_layer_cave, grunt_megastairs_4

Skill      XL: |  1  2  3  4  5  6  7  8  9 10 11 12 13 |
---------------+----------------------------------------+-----
Dodging        | 2 3 4 5 6 7 9 |  9.5
Long Blades    | 3 4 5 |  5.1
Armour         | 4 5 6 7 8 9 10 | 10.2
Stealth        | 1 2 3 4 5 6 |  6.6
Shields        | 4 5 6 7 8 9 10 | 10.2
Spellcasting   | 1 2 3 |  3.0
Fighting       | 4 5 6 7 8 9 |  9.3
Throwing       | 2 |  2.0
Ranged Weapons | 1 3 4 6 7 |  7.8
Maces & Flails | 2 5 6 8 |  8.9

Action                   |  1- 3 |  4- 6 |  7- 9 | 10-12 | 13-15 || total
-------------------------+-------+-------+-------+-------+-------++-------
Melee: Long sword        |    84 |    98 |   179 |       |       ||   361
       Whip              |       |       |     4 |   439 |   131 ||   574
 Fire: Sling             |       |       |   213 |   233 |    57 ||   503
Throw: Dart              |     3 |     2 |     2 |    30 |     3 ||    40
       Throwing net      |       |       |       |     2 |     1 ||     3
Invok: Call Merchant     |       |       |       |       |     1 ||     1
Evoke: Wand              |       |       |     2 |     2 |     3 ||     7
  Use: Potion            |       |       |     3 |     8 |     5 ||    16
       Scroll            |       |       |       |     9 |    10 ||    19
 Stab: Held in net/web   |       |       |       |     1 |       ||     1
       Distracted        |       |       |       |     1 |       ||     1
Armor: Scale mail        |    58 |    47 |   152 |       |       ||   257
       Chain mail        |       |       |    55 |   312 |   100 ||   467
Dodge: Dodged            |    51 |    42 |   168 |   351 |   136 ||   748
Block: Buckler           |    16 |    24 |   132 |    20 |       ||   192
       Kite shield       |       |       |       |   409 |   163 ||   572

Table legend: (Time is in decaauts)
 A = Elapsed time spent in this place.
 B = Non-inter-level travel time spent in this place.
 C = Inter-level travel time spent in this place.
 D = Time resting spent in this place.
 E = Time spent auto-exploring this place.
 F = Levels seen in this place.
 G = Mean time per level.
                   A        B        C        D        E       F      G
               +--------+--------+--------+--------+--------+-----+--------+
         Total |   9120 |   6593 |   2527 |      0 |   2078 |  17 |  536.5 |
       Dungeon |   5801 |   4131 |   1670 |      0 |   1908 |  10 |  580.1 |
          Lair |   2489 |   1633 |    856 |      0 |    170 |   5 |  497.8 |
         Sewer |    591 |    591 |      0 |      0 |      0 |   1 |  591.0 |
       Ossuary |    238 |    238 |      0 |      0 |      0 |   1 |  238.0 |
               +--------+--------+--------+--------+--------+-----+--------+

Top non-repeatable levels by time:
     D:8: 1124 daAuts
     D:3: 1068 daAuts
     D:4: 848 daAuts
  Lair:2: 701 daAuts
     D:2: 631 daAuts
  Lair:4: 625 daAuts
   Sewer: 591 daAuts
  Lair:3: 562 daAuts
     D:1: 535 daAuts
     D:7: 525 daAuts
  Lair:1: 456 daAuts
     D:5: 454 daAuts
    D:10: 294 daAuts
     D:6: 249 daAuts
 Ossuary: 238 daAuts
